 Dungeon Crawl Stone Soup version 0.30.1-4-g462c640d31 (webtiles) character file.

Game seed: 11964037531925942952

169 Gorgoleon the Conjurer (level 5, -2/28 HPs)
             Began as a Deep Elf Conjurer on Aug 16, 2023.
             Slain by an ogre
             ... wielding a +0 giant spiked club
              (19 damage)
             ... on level 3 of the Dungeon.
             The game lasted 00:11:53 (3401 turns).

Gorgoleon the Conjurer (Deep Elf Conjurer)          Turns: 3401, Time: 00:11:54

Health: -2/28      AC:  6    Str:  4    XL:     5   Next: 25%
Magic:  5/11       EV: 12    Int: 25    God:
Gold:   255        SH:  0    Dex: 13    Spells: 0/10 levels left

rFire   . . .        u - +0 whip (venom)
rCold   . . .        (no shield)
rNeg    . . .        a - +0 robe
rPois   +            (no helmet)
rElec   .            (no cloak)
rCorr   .            (no gloves)
SInv    .            (no boots)
Will    .....        g - amulet of regeneration
Stlth   ++           h - ring of poison resistance
HPRegen 1.04/turn    k - +4 ring of protection
MPRegen 0.12/turn

%: no passive effects
@: no status effects
A: no striking features
a: no special abilities


You were on level 3 of the Dungeon.
You visited 1 branch of the dungeon, and saw 4 of its levels.

You collected 255 gold pieces.

Inventory:

Hand Weapons
 u - a +0 whip of venom (weapon)
Missiles
 p - a throwing net
Armour
 a - a +0 robe (worn)
Jewellery
 g - an amulet of regeneration (around neck)
 h - a ring of poison resistance (left hand)
 k - a +4 ring of protection (right hand)
 n - a +6 ring of strength
 q - an amulet of faith
 s - a +6 ring of dexterity
Wands
 l - a wand of acid (11)
Scrolls
 j - 2 scrolls of amnesia
 m - a scroll of enchant weapon {unknown}
 r - a scroll of vulnerability {unknown}
 v - a scroll of magic mapping
 w - a scroll of fear {unknown}
Potions
 b - a potion of magic
 c - 2 potions of brilliance
 d - a potion of heal wounds
 e - 3 potions of haste {unknown}
 f - 2 potions of might {unknown}
 i - a potion of ambrosia
 o - 5 potions of lignification {unknown}
 t - 2 potions of flight


   Skills:
 - Level 2.4 Dodging
 - Level 2.4 Stealth
 - Level 3.0 Spellcasting
 + Level 6.6 Conjurations
 * Level 1.9 Hexes
 * Level 1.6 Evocations


You couldn't memorise any spells.
You knew the following spells:

 Your Spells              Type           Power      Damage    Failure   Level
a - Magic Dart            Conj           100%       1d8       1%          1
b - Searing Ray           Conj           74%        2d7       1%          2
c - Dazzling Flash        Conj/Hex       50%        N/A       5%          3
d - Fulminant Prism       Conj/Hex       12%        3d9       17%         4

Your spell library contained the following spells:

 Spells                   Type           Power      Damage    Failure   Level
 Iskenderun's Mystic Bla  Conj/Tloc      20%        2d6       26%         4


Dungeon Overview and Level Annotations

Branches:
Dungeon (4/15)             Temple (0/1) D:4

Altars:

Shops:
D:4 :


Message History

You kill the orc!
Found a stone staircase leading up.
t - 2 potions of flight (gained 1)
v - a scroll of magic mapping
o - 5 bubbling clear potions (gained 2)
Found a stone staircase leading down.
An ogre and a gnoll bouda come into view.
The gnoll bouda shouts!
The ogre shouts!
You see here a scroll labelled JOH SEIHAOSHRY.
w - a scroll labelled JOH SEIHAOSHRY
There is a stone staircase leading up here.
The ogre hits you with a +0 giant spiked club!!
Ouch! That really hurt!
You climb upwards.
There is a stone staircase leading down here.
Casting: Magic Dart (safe; 1% risk of failure)
Confirm with . or Enter, or press ? or * to list all spells.
The spell is quite dangerous to miscast (5% risk of failure)!
Continue anyway?
Uppercase [Y]es or [N]o only, please.
The spell is quite dangerous to miscast (5% risk of failure)!
Continue anyway?
Casting: Dazzling Flash (quite dangerous; 5% risk of failure)
Press: ? - help, Dir - look around, f - activate Look: an ogre, wielding a +0 giant spiked club (chance to dazzle: 60%)
The ogre is dazzled.
Casting: Dazzling Flash (quite dangerous; 5% risk of failure)
Confirm with . or Enter, or press ? or * to list all spells.
Aiming: Searing Ray (safe; 1% risk of failure)
Press: ? - help, Shift-Dir - straight line, f/p - ogre
Aim: an ogre, wielding a +0 giant spiked club (blind, 91% to hit)
The searing ray hits the ogre.
The ogre is lightly wounded. (Press . to maintain the ray.)
The ogre closely misses you.
The searing ray hits the ogre.
The ogre is moderately wounded.
The ogre is no longer blind.
The ogre hits you with a +0 giant spiked club!!
Ouch! That really hurt!
You die...

#..........#...............###...
.)##.########..............###..#
..##.#.....##...............##..#
..####.....##...................#
..##.......###..............8...#
..##.##....#...............⌠....#
####.##....#.##.#'####......8...#
#....##....#.##.#..####'#.......#
#.#####....'.##.@O...............
#.# #....#######...............
..# ###### ##>...#..#+####. ###
###........###. #.#####....#.
#....#...#.#. ####.#####.#.
#.......#. #.########


You could see an ogre.

Vanquished Creatures
  5 gnolls (D:3)
  4 adders
  A worm (D:2)
  A dart slug (D:1)
  6 orcs
  5 ball pythons
  4 bats
  5 endoplasms
  2 giant cockroaches
  11 hobgoblins
  6 kobolds
  A quokka (D:3)
  5 frilled lizards
  14 goblins
  6 rats
76 creatures vanquished.

Notes
Turn   | Place    | Note
-------+----------+-------------------------------------------
     0 | D:1      | Gorgoleon the Deep Elf Conjurer began the quest for the
                  | Orb.
     0 | D:1      | Reached XP level 1. HP: 10/10 MP: 6/6
   197 | D:1      | Reached XP level 2. HP: 15/15 MP: 2/8
   280 | D:1      | Reached skill level 5 in Conjurations
   321 | D:1      | Learned a level 2 spell: Searing Ray
   942 | D:2      | Reached XP level 3. HP: 16/19 MP: 6/9
  1379 | D:2      | Learned a level 3 spell: Dazzling Flash
  1834 | D:3      | Reached skill level 6 in Conjurations
  1834 | D:3      | Reached skill level 1 in Hexes
  1834 | D:3      | Reached skill level 1 in Evocations
  1834 | D:3      | Reached XP level 4. HP: 24/24 MP: 5/10
  1898 | D:3      | Found a faded altar of an unknown god.
  2501 | D:3      | Reached XP level 5. HP: 28/28 MP: 7/11
  2506 | D:3      | Learned a level 4 spell: Fulminant Prism
  3195 | D:4      | Found Tuhuvull's Book Boutique.
  3386 | D:4      | Noticed an ogre
  3401 | D:3      | Slain by an ogre

Illustrated notes

Levels and vault maps discovered:
D:1:      ebering_trefoil_twist, layout_rooms, nicolae_kite_square_tiling_tiny
D:2:      layout_basic
D:3:      cheibrodos_greedy_goblins, layout_basic, basic_ecumenical_altar,
          nicolae_concentric_dashed_squares_wild, minivault_14,
          hangedman_feature_mirror, kennysheep_generic_room_5
D:4:      layout_rooms, temple_hall, st_stairs_4, nicolae_inconvenience_store,
          kennysheep_boxes, uniq_ijyb

Skill      XL: |  1  2  3 |
---------------+----------+-----
Conjurations   | 5 6 |  6.6
Hexes          | 1 |  1.9
Evocations     | 1 |  1.6
Dodging        | |  2.4
Stealth        | |  2.4
Spellcasting   | |  3.0

Action                     |  1- 3 |  4- 6 || total
---------------------------+-------+-------++-------
  Melee: Rapier            |     6 |    12 ||    18
   Cast: Magic Dart        |    75 |    50 ||   125
         Searing Ray       |       |     3 ||     3
         Dazzling Flash    |       |     1 ||     1
    Use: Scroll            |       |     8 ||     8
   Stab: Sleeping          |     1 |       ||     1
 Armour: Robe              |     1 |     7 ||     8
  Dodge: Dodged            |     6 |    15 ||    21
